AoeStats
← DHoneyBadger

Black Forest

505188932Analyzed
3v3 RM · 25d ago on Sep 8, 2026· 56m 8s· 6 players
Game mode
Random Map
Map size
Normal (6 player)
Population
200
Speed
Normal
Resources
Standard
Victory
Conquest
Starting age
Dark Age
Ending age
Imperial Age
RankedLock teamsTeams togetherTeam positionsShared explorationLock speedFull tech treeHidden civsTurbo modeCheats
Victory
Defeat
🇵🇱 Vietnamese · Poland
877
+17
🇪🇸 Bulgarians · Spain
832
+19
🇨🇳 Teutons · China
565
+27
🇲🇽 Celts · Mexico
1110
-28
🇻🇪 Byzantines · Venezuela
798
-48
🇨🇴 Saracens · Colombia
775
-38
RockReborn
11:54 Feudal Age
12:20 Double-Bit Axe
12:19 Horse Collar
13:18 Wheelbarrow
12:28 Town Watch
12:31 Loom
20:32 Castle Age
19:06 Gold Mining
19:09 Stone Mining
22:46 Hand Cart
23:15 Stone Shaft Mining
30:28 Town Patrol
32:44 Husbandry
33:52 Scale Barding Armor
33:58 Forging
38:28 Thumb Ring
40:21 Caravan
44:05 Imperial Age
42:06 Chain Barding Armor
42:22 Iron Casting
42:52 Chatras
45:14 Paper Money
45:42 Plate Barding Armor
45:17 Heavy Plow
45:33 Bow Saw
44:54 Elite Battle Elephant
47:36 Two-Man Saw
47:14 Crop Rotation
50:38 Scale Mail Armor
50:38 Padded Archer Armor
50:29 Fletching
50:46 Elite Rattan Archer
51:45 Leather Archer Armor
mlt
12:19 Feudal Age
16:43 Castle Age
14:54 Double-Bit Axe
15:51 Horse Collar
18:26 Bow Saw
22:42 Loom
28:15 Fletching
29:56 Scale Barding Armor
30:01 Forging
30:48 Ballistics
31:36 Chain Barding Armor
31:51 Iron Casting
32:26 Bloodlines
37:27 Caravan
40:01 Imperial Age
38:07 Wheelbarrow
39:16 Hand Cart
39:45 Bodkin Arrow
40:08 Masonry
40:01 Scale Mail Armor
40:32 Cavalier
42:00 Plate Barding Armor
42:25 Blast Furnace
42:10 Gold Mining
42:20 Stone Mining
43:26 Heavy Plow
44:05 Crenellations
44:05 Ironclad
44:07 Conscription
43:42 Paladin
44:53 Chain Mail Armor
45:42 Chemistry
48:09 Two-Man Saw
47:34 Guilds
50:29 Stone Shaft Mining
51:06 Siege Engineers
50:31 Elite Teutonic Knight
51:46 Hoardings
51:01 Gambesons
51:16 Squires
51:02 Arson
50:38 Pikeman
51:51 Plate Mail Armor
51:23 Padded Archer Armor
54:18 Halberdier
55:17 Leather Archer Armor
Mr Natas
1:36 Loom
13:16 Feudal Age
20:43 Castle Age
20:13 Horse Collar
20:20 Double-Bit Axe
23:29 Heavy Plow
24:16 Forging
24:07 Scale Mail Armor
25:09 Squires
24:56 Gambesons
26:01 Town Watch
26:53 Iron Casting
29:21 Redemption
35:25 Imperial Age
34:21 Chain Mail Armor
35:36 Capped Ram
36:34 Siege Ram
40:02 Arson
41:20 Blast Furnace
40:50 Plate Mail Armor
45:11 Wheelbarrow
45:28 Bow Saw
45:52 Crop Rotation
45:31 Siege Engineers
48:33 Conscription
48:26 Bagains
DHoneyBadger
1:37 Loom
11:26 Feudal Age
11:50 Feudal Age
13:47 Man-at-Arms
19:13 Castle Age
17:51 Man-at-Arms
20:39 Double-Bit Axe
20:32 Pikeman
25:23 Padded Archer Armor
25:27 Scale Mail Armor
27:06 Elite Skirmisher
33:02 Bow Saw
34:06 Crossbowman
35:52 Fletching
36:42 Forging
47:56 Wheelbarrow
50:45 Long Swordsman
Loop
9:18 Loom
11:26 Feudal Age
12:51 Double-Bit Axe
17:39 Fletching
18:43 Horse Collar
24:07 Castle Age
22:19 Padded Archer Armor
27:19 Bodkin Arrow
29:23 Crossbowman
29:54 Crossbowman
34:01 Leather Archer Armor
34:02 Gold Mining
38:19 Fortified Wall
40:43 Forging
40:39 Scale Barding Armor
42:15 Iron Casting
44:42 Imperial Age
44:19 Bow Saw
45:53 Wheelbarrow
45:03 Town Watch
46:37 Gold Shaft Mining
45:53 Stone Mining
47:07 Chain Barding Armor
46:48 Bracer
47:18 Ring Archer Armor
46:12 Arbalester
47:03 Heavy Plow
47:23 Thumb Ring
50:51 Hand Cart
50:37 Town Patrol
Janger
9:28 Loom
12:21 Feudal Age
13:06 Man-at-Arms
16:22 Wheelbarrow
16:49 Double-Bit Axe
16:48 Horse Collar
25:04 Castle Age
23:19 Stone Mining
23:24 Gold Mining
24:55 Arson
25:48 Squires
31:10 Elite Skirmisher
33:15 Hand Cart
33:38 Pikeman
35:13 Caravan
35:38 Fletching
36:23 Bow Saw
38:06 Thumb Ring
38:44 Heavy Plow
40:09 Forging
40:16 Greek Fire
40:27 Scale Mail Armor
40:50 Bodkin Arrow
40:44 Treadmill Crane
41:26 Ballistics
41:04 Murder Holes
41:52 Stone Shaft Mining
41:57 Gold Shaft Mining
41:46 Bow Saw
44:19 Imperial Age
42:33 Coinage
42:19 Fervor
42:51 Iron Casting
42:56 Guard Tower
42:58 Gambesons
43:37 Sanctity
43:43 Chain Mail Armor
43:33 Padded Archer Armor
43:40 Scale Barding Armor
45:09 Leather Archer Armor
46:01 Chemistry
45:10 Bracer
45:45 Plate Mail Armor
45:39 Chain Barding Armor
44:45 Halberdier
45:51 Conscription
46:20 Ring Archer Armor
47:16 Guilds
47:37 Banking
48:33 Hoardings
48:15 Fortified Wall
47:55 Arrowslits
49:01 Capped Ram
51:00 Bombard Tower
52:55 Greek Fire
Connection lost

Rejoining the realm…

Still unreachable

The connection could not be restored.

Session expired

The server has moved on; the page needs a fresh start.